 Dungeon Crawl Stone Soup version 0.28.0 (webtiles) character file.

Game seed: 9139208279147755152

93 GrayStillPlays the Skirmisher (level 4, -8/37 HPs)
             Began as a Demonspawn Fighter on Feb 13, 2022.
             Mangled by a gnoll (12 damage)
             ... on level 3 of the Dungeon.
             The game lasted 00:02:47 (1878 turns).

GrayStillPlays the Skirmisher (Demonspawn Fighter)  Turns: 1878, Time: 00:02:48

Health: -8/37      AC: 10    Str: 19    XL:     4   Next: 36%
Magic:  4/4        EV:  9    Int:  9    God:
Gold:   62         SH:  4    Dex: 12    Spells: 3/3 levels left

rFire   . . .      SeeInvis +   a - +0 war axe {axe}
rCold   . . .      Faith    .   c - +0 buckler
rNeg    . . .      Spirit   .   b - +0 scale mail
rPois   .          Reflect  .   (no helmet)
rElec   .          Harm     .   (no cloak)
rCorr   .          Rampage  .   h - +0 pair of gloves
Will    .....                   (no boots)
Stlth   ..........              o - amulet of the acrobat
HPRegen 0.12/turn               m - ring of see invisible
MPRegen 0.09/turn               (no ring)

@: no status effects
A: yellow scales 1, demonic guardian 1
a: no special abilities


You were on level 3 of the Dungeon.
You visited 1 branch of the dungeon, and saw 3 of its levels.

You collected 62 gold pieces.


Innate Abilities, Weirdness & Mutations

You are partially covered in yellow scales. (AC +2)
A weak demonic guardian rushes to your aid.


   Skills:
 + Level 3.6 Fighting
 + Level 2.5 Axes
 + Level 3.3 Armour
 + Level 3.2 Shields


You had 3 spell levels left.
You didn't know any spells.
Your spell library was empty.

Inventory:

Hand Weapons
 a - a +0 war axe (weapon) {axe}
 q - a +0 short sword of venom {short}
   (You took it off a kobold on level 3 of the Dungeon)
Missiles
 f - 106 stones (quivered) {throwing}
 g - 24 bolts
Armour
 b - a +0 scale mail (worn)
 c - a +0 buckler (worn)
 e - a +0 kite shield
   (You found it on level 1 of the Dungeon)
 h - a +0 pair of gloves (worn)
   (You found it on level 1 of the Dungeon)
Jewellery
 m - a ring of see invisible (left hand)
   (You found it on level 2 of the Dungeon)
 o - an amulet of the acrobat (around neck)
   (You found it on level 2 of the Dungeon)
Scrolls
 i - 6 scrolls of teleportation {unknown}
 j - 2 scrolls of identify {unknown}
 k - a scroll of amnesia {unknown}
 l - a scroll of summoning {unknown}
 n - a scroll of magic mapping {unknown}
Potions
 d - a potion of might
 p - a potion of curing {unknown}

Dungeon Overview and Level Annotations

Branches:
Dungeon (3/15)

Altars:

..###......#.....#
..# ######...#####
..#########.###
..............####
#.#########......#
#.# ###.##.# #.#
#)##.# #.# #.##5#
#.. #.##@# ###
#.##g# #.##.#
#.##.# ..##.#
####.# #.# #.###
#...#


You could see a gnoll (ally target) and a friendly ufetubus (summoned).


Message History

A kobold comes into view. It is wielding a +0 short sword.
A kobold is nearby!
A kobold is nearby!
A kobold is nearby!
A kobold is nearby!
You hit the kobold. The kobold hits you but does no damage.
You block the kobold's attack.
You closely miss the kobold. The kobold barely misses you.
You miss the kobold. You block the kobold's attack.
The kobold hits you but does no damage.
You hit the kobold.
You kill the kobold!
No target in view!
No target in view!
Things that are here:
a +0 short sword {short}; a kobold corpse An endoplasm comes into view.
An endoplasm is nearby!
An endoplasm is nearby!
An endoplasm is nearby!
The endoplasm completely misses you.
You slash the endoplasm!
You kill the endoplasm!
No target in view!
No target in view!
A gnoll comes into view. It is wielding a +0 halberd.
The gnoll shouts!
A gnoll is nearby!
A gnoll is nearby!
A gnoll is nearby!
A gnoll comes into view. It is wielding a +0 spear.
A gnoll comes into view. It is wielding a +0 flail.
The gnoll shouts! x2
A gnoll comes into view.
It is wielding a +1 flail of holy wrath.
The gnoll shouts!
The gnoll misses you.
You slash the gnoll! The gnoll hits you with a +0 halberd.
The gnoll hits you with a +0 halberd! The gnoll closely misses you. 😮 HP[-10]
You take 10 damage, and now have 19/29 hp.
MASSIVE DAMAGE!! (PAUSE) 😮 HP[+1]
You block the gnoll's attack. The gnoll misses you.
You block the gnoll's attack.
You hit the gnoll. The gnoll hits you but does no damage.
The gnoll closely misses you.
You hit the gnoll.
The gnoll hits you from afar with a +0 halberd.
You block the gnoll's attack. x2 😮 HP[-5]
You take 5 damage, and now have 15/29 hp.
You hit the gnoll but do no damage. The gnoll barely misses you. x2
The gnoll hits you but does no damage.
You hit the gnoll.
You kill the gnoll!
The gnoll hits you but does no damage.
The gnoll hits you from afar with a +0 halberd.
* * * LOW HITPOINT WARNING * * *
You have reached level 4!
You feel stronger. 😨 HP[+2] MP[+1]
You now have 36 max hp (+7).
You regained 2 hp, and now have 17/36 hp.
Your mp is fully restored (4).
You block the gnoll's attack.
Things that are here:
a +0 spear {polearm}; a gnoll corpse You hit the gnoll.
You block the gnoll's attack.
You hit the gnoll. You block the gnoll's attack. x2
You barely miss the gnoll. The gnoll barely misses you. 😨 HP[+1]
You hit the gnoll.
You kill the gnoll!
The gnoll barely misses you.
You hit the gnoll. The gnoll hits you with a +0 flail.
* * * LOW HITPOINT WARNING * * *
😨 HP[-4]
You take 4 damage, and now have 14/36 hp.
You barely miss the gnoll. The gnoll barely misses you.
You barely miss the gnoll. The gnoll hits you with a +0 flail.
* * * LOW HITPOINT WARNING * * *
The gnoll hits you with a +0 flail.
* * * LOW HITPOINT WARNING * * *
😨 HP[-3]
You take 3 damage, and now have 11/36 hp.
You hit the gnoll. The gnoll barely misses you.
You hit the gnoll. The gnoll hits you but does no damage.
You block the gnoll's attack.
You slash the gnoll!
You kill the gnoll!
The gnoll hits you but does no damage. 😨 HP[+1]
You now have 37 max hp (+1).
You slash the gnoll! The gnoll hits you but does no damage.
You barely miss the gnoll. The gnoll hits you but does no damage.
The gnoll hits you with a +1 flail of holy wrath!
* * * LOW HITPOINT WARNING * * *
A demonic guardian appears!
You convulse!
You die...

Skill      XL: |  1  2 |
---------------+-------+-----
Axes           | 2 |  2.5
Shields        | 3 |  3.2
Armour         | 3 |  3.3
Fighting       | |  3.6

Action                   |  1- 3 |  4- 6 || total
-------------------------+-------+-------++-------
Melee: War axe           |   176 |    12 ||   188
Armor: Scale mail        |   104 |     4 ||   108
Dodge: Dodged            |   102 |     4 ||   106
Block: Buckler           |    46 |     5 ||    51

Levels and vault maps discovered:
D:1:      scummos_arrival_gate, layout_rooms
D:2:      layout_loops_ring
D:3:      layout_loops_ring, nicolae_ecumenical_oubliette, bh_walls_and_bars

Notes
Turn   | Place    | Note
-------+----------+-------------------------------------------
     0 | D:1      | GrayStillPlays the Demonspawn Fighter began the quest for
                  | the Orb.
     0 | D:1      | Reached XP level 1. HP: 18/18 MP: 1/1
     0 | D:1      | magus.rc [v1.9.6]
   179 | D:1      | Reached skill level 2 in Axes
   179 | D:1      | Gained mutation: You are partially covered in yellow
                  | scales. (AC +2) [demonic ancestry]
   179 | D:1      | Reached XP level 2. HP: 21/24 MP: 2/2
   578 | D:1      | Reached skill level 3 in Shields
   765 | D:2      | Reached skill level 3 in Armour
   900 | D:2      | Gained mutation: A weak demonic guardian rushes to your
                  | aid. [demonic ancestry]
   900 | D:2      | Reached XP level 3. HP: 29/29 MP: 3/3
  1750 | D:3      | Found a faded altar of an unknown god.
  1866 | D:3      | Reached XP level 4. HP: 17/36 MP: 4/4
  1878 | D:3      | HP: 4/37 [gnoll (8)]
  1878 | D:3      | Mangled by a gnoll

Vanquished Creatures
  3 gnolls (D:3)
  An adder (D:2)
  2 worms (D:2)
  A dart slug (D:1)
  4 ball pythons
  2 endoplasms
  2 giant cockroaches
  2 hobgoblins
  11 jackals
  3 quokkas (D:2)
  4 bats
  6 frilled lizards
  4 kobolds
  3 rats
48 creatures vanquished.

Table legend:
 A = Non-vault XP
 B = Vault XP
 C = Vault XP percentage of total XP
 D = Non-vault monster count
 E = Vault monster count
 F = Vault count percentage of total count
                 A         B        C        D         E       F
            +---------+---------+-------+---------+---------+-------
      Total |     133 |       0 |   0.0 |      48 |       0 |   0.0
            +---------+---------+-------+---------+---------+-------
        D:1 |      33 |       0 |   0.0 |      19 |       0 |   0.0
        D:2 |      47 |       0 |   0.0 |      18 |       0 |   0.0
        D:3 |      53 |       0 |   0.0 |      11 |       0 |   0.0
            +---------+---------+-------+---------+---------+-------

Illustrated notes

Table legend:
 A = Kills in this place as a percentage of kills in entire the game.
 B = Kills by you in this place as a percentage of kills by you in the entire game.
 C = Kills by friends in this place as a percentage of kills by friends in the entire game.
 D = Other kills in this place as a percentage of other kills in the entire game.
 E = Experience gained in this place as a percentage of experience gained in the entire game.
 F = Experience gained in this place divided by the number of levels of this place that you have seen.
                   A       B       C       D       E      F
               +-------+-------+-------+-------+-------+----------------------
         Total | 100.0 | 100.0 |   N/A |   N/A | 100.0 |  44.3
       Dungeon | 100.0 | 100.0 |   N/A |   N/A | 100.0 |  44.3
               +-------+-------+-------+-------+-------+----------------------

Table legend: (Time is in decaauts)
 A = Elapsed time spent in this place.
 B = Non-inter-level travel time spent in this place.
 C = Inter-level travel time spent in this place.
 D = Time resting spent in this place.
 E = Time spent auto-exploring this place.
 F = Levels seen in this place.
 G = Mean time per level.
                   A        B        C        D        E       F      G
               +--------+--------+--------+--------+--------+-----+--------+
         Total |   1958 |   1925 |     33 |      0 |   1487 |   3 |  652.7 |
       Dungeon |   1958 |   1925 |     33 |      0 |   1487 |   3 |  652.7 |
               +--------+--------+--------+--------+--------+-----+--------+

Top non-repeatable levels by time:
     D:2: 959 daAuts
     D:1: 696 daAuts
     D:3: 303 daAuts
